 Dungeon Crawl Stone Soup version 0.30.1-9-gdf580d7c3d (webtiles) character file.

Game seed: 17834645246092753233

112 ChrisTheSkald the Sneak (level 5, -4/37 HPs)
             Began as a Human Enchanter on Oct 4, 2023.
             Killed from afar by an orc wizard (9 damage)
             ... with a magic dart
             ... on level 4 of the Dungeon.
             The game lasted 00:08:50 (1214 turns).

ChrisTheSkald the Sneak (Human Enchanter)           Turns: 1214, Time: 00:08:50

Health: -4/37      AC:  2    Str:  8    XL:     5   Next: 16%
Magic:  8/8        EV: 12    Int: 17    God:
Gold:   121        SH:  0    Dex: 14    Spells: 3/8 levels left

rFire   . . .        a - +1 dagger
rCold   . . .        (no shield)
rNeg    . . .        b - +0 robe
rPois   .            (no helmet)
rElec   .            (no cloak)
rCorr   .            (no gloves)
SInv    .            (no boots)
Will    .....        h - amulet of magic regeneration
Stlth   ++           (no ring)
HPRegen 0.26/turn    (no ring)
MPRegen 0.51/turn

%: no passive effects
@: no status effects
A: no striking features
a: no special abilities


You were on level 4 of the Dungeon.
You visited 1 branch of the dungeon, and saw 4 of its levels.

You collected 121 gold pieces.

Inventory:

Hand Weapons
 a - a +1 dagger (weapon)
Armour
 b - a +0 robe (worn)
Jewellery
 h - an amulet of magic regeneration (around neck)
Scrolls
 d - a scroll of identify {unknown}
 g - a scroll of summoning {unknown}


   Skills:
 * Level 1.0 Fighting
 * Level 1.6 Short Blades
 * Level 0.9 Armour
 * Level 2.4 Dodging
 * Level 3.8 Stealth
 * Level 2.3 Spellcasting
 * Level 3.4 Hexes
 * Level 1.1 Ice Magic


You had 3 spell levels left.
You knew the following spells:

 Your Spells              Type           Power      Damage    Failure   Level
a - Ensorcelled Hibernat  Hex/Ice        18%        N/A       11%         2
b - Tukima's Dance        Hex            13%        N/A       14%         3

Your spell library contained the following spells:

 Spells                   Type           Power      Damage    Failure   Level
 Confusing Touch          Hex            13%        N/A       14%         3
 Dazzling Flash           Conj/Hex       14%        N/A       28%         3


Dungeon Overview and Level Annotations

Branches:
Dungeon (4/15)             Temple (0/1) D:4

Altars:
The Shining One

Shops:
D:1 (


Message History

You hit the orc.
The orc is almost dead.
You hit something.
Your +0 spear closely misses the orc.
You miss something. Something hits you.
Your +0 spear hits the orc.
The orc dies!
You completely miss something. Something hits you but does no damage.
You barely miss something.
You hear some strange, mumbled words.
You are confused.
Your +0 spear hits something.
You miss something.
Your +0 spear falls from the air.
Something completely misses you.
You bump into the rock wall.
You hear some strange, mumbled words.
A magic dart appears from out of thin air!
The magic dart hits you.
You bump into the rock wall.
Something hits you.
* * * LOW HITPOINT WARNING * * *
Unknown command.
You aren't carrying any potions.
You are too confused!
Unknown command.
You hit something. Something completely misses you.
You bump into the rock wall.
Something hits you but does no damage.
You bump into the rock wall.
Something completely misses you.
You bump into the rock wall.
You feel less confused.
You hear some strange, mumbled words.
A magic dart appears from out of thin air!
The magic dart hits you.
* * * LOW HITPOINT WARNING * * *
You hit something. Something hits you.
* * * LOW HITPOINT WARNING * * *
As you read the scroll labelled KYNOEJ EHUITE, it crumbles to dust.
You feel aware of your surroundings.
It was a scroll of magic mapping.
You hear some strange, mumbled words.
A magic dart appears from out of thin air!
The magic dart hits you!
You die...

*,* *,*********,*,*
*,* *,* *,*,*
*,*****,* *,*,*
*,,,,,,,* *,*,*
********* *,*,* *,*,*
###### *,*,*
#######....######.#.#
#....@{)...'.§§§....#
#.#####....######o###*
#.# #....#,,,,,,,,<,
#.# #.§.°#,,,,,,,,**
#.# #....#,,,,,,,,*
#.# ######,,,,,,,,*
#.# *,,,,,,,,* #)#
*,,,,,,,,* #.#
*,****,***


There were no monsters in sight!

Vanquished Creatures
  3 adders
  2 orcs (D:4)
  An endoplasm (D:2)
  A giant cockroach (D:1)
  4 goblins
  4 hobgoblins
  7 jackals
  A quokka (D:1)
  A ball python (D:1)
  A frilled lizard (D:2)
  2 rats
27 creatures vanquished.

Vanquished Creatures (collateral kills)
  A wight (D:4)
  An orc (D:4)
2 creatures vanquished.

Grand Total: 29 creatures vanquished

Notes
Turn   | Place    | Note
-------+----------+-------------------------------------------
     0 | D:1      | ChrisTheSkald the Human Enchanter began the quest for the
                  | Orb.
     0 | D:1      | Reached XP level 1. HP: 13/13 MP: 3/3
   248 | D:1      | Found Taixkoc's Antique Weapon Boutique.
   271 | D:1      | Reached XP level 2. HP: 17/19 MP: 5/5
   276 | D:1      | Learned a level 2 spell: Ensorcelled Hibernation
   515 | D:2      | Reached XP level 3. HP: 25/25 MP: 1/6
   519 | D:2      | Learned a level 3 spell: Tukima's Dance
   830 | D:3      | Found a glowing golden altar of the Shining One.
   975 | D:3      | Reached XP level 4. HP: 22/31 MP: 1/7
  1031 | D:4      | Noticed a wight
  1047 | D:4      | Killed a wight
  1048 | D:4      | Reached skill level 1 in Fighting
  1048 | D:4      | Reached skill level 1 in Ice Magic
  1048 | D:4      | Reached XP level 5. HP: 34/37 MP: 8/8
  1214 | D:4      | Killed from afar by an orc wizard

Illustrated notes

Levels and vault maps discovered:
D:1:      tarquinn_simple_flora_water_a, layout_basic, serial_shops,
          nicolae_shop_tiny_statue_garden, serial_bayou_crossing
D:2:      minmay_recursive_quarters, layout_rooms,
          shapermc_ecumenical_altar_mp_vishouse
D:3:      layout_basic, mainiacjoe_overflow_concentric_impassable,
          dk_noncrumbling_3
D:4:      layout_basic, temple_fountains, eino_curves_01

Skill      XL: |  1  2  3  4 |
---------------+-------------+-----
Fighting       | 1 |  1.0
Ice Magic      | 1 |  1.1
Short Blades   | |  1.6
Armour         | |  0.9
Dodging        | |  2.4
Stealth        | |  3.8
Spellcasting   | |  2.3
Hexes          | |  3.4

Action                     |  1- 3 |  4- 6 || total
---------------------------+-------+-------++-------
  Melee: Dagger            |    69 |    33 ||   102
   Cast: Ensorcelled Hiber |    12 |    10 ||    22
         Tukima's Dance    |     1 |     4 ||     5
    Use: Potion            |     3 |     2 ||     5
         Scroll            |       |     3 ||     3
   Stab: Sleeping          |     9 |     6 ||    15
         Invisible         |     1 |       ||     1
 Armour: Robe              |    11 |     5 ||    16
         Skin              |    15 |       ||    15
  Dodge: Dodged            |    49 |    26 ||    75
